 Dungeon Crawl Stone Soup version 0.31-a0-161-gb58dd9be76 (webtiles) character file.

Game seed: 14797136685358621057

44 BrainTurd the Cudgeller (level 3, 0/43 HPs)
             Began as a Barachi Berserker on June 12, 2023.
             Was a Believer of Trog.
             Slain by a hobgoblin (3 damage)
             ... on level 2 of the Dungeon.
             The game lasted 00:05:51 (961 turns).

BrainTurd the Cudgeller (Barachi Berserker)          Turns: 961, Time: 00:05:52

Health: 0/43       AC:  3    Str: 20    XL:     3   Next: 62%
Magic:  3/3        EV: 12    Int:  7    God:    Trog [**....]
Gold:   143        SH:  0    Dex: 11    Spells: 2/2 levels left

rFire   . . .        g - +0 flail
rCold   . . .        (no shield)
rNeg    . . .        d - +0 leather armour
rPois   .            (no helmet)
rElec   .            (no cloak)
rCorr   .            (no gloves)
SInv    .            (no boots)
Will    .....        (no amulet) Stlth
                     (no ring)
HPRegen 0.27/turn    (no ring)
MPRegen 0.08/turn

%: no passive effects
@: berserking, lethally poisoned (0 -> -2), quick
A: amphibious, slowness 1, strong legs 1, +LOS
a: Hop, Renounce Religion, Berserk, Trog's Hand


You were on level 2 of the Dungeon.
You worshipped Trog.
Trog was pleased with you.
You visited 1 branch of the dungeon, and saw 2 of its levels.

You collected 143 gold pieces.

Inventory:

Hand Weapons
 g - a +0 flail (weapon)
Armour
 d - a +0 leather armour (worn)
Scrolls
 c - a scroll of immolation {unknown}
 f - a scroll of revelation {unknown}
 k - a scroll of butterflies {unknown}
Potions
 a - a potion of attraction {unknown}
 b - a potion of haste {unknown}
 e - 2 potions of brilliance {unknown}
 h - a potion of enlightenment {unknown}
 i - a potion of invisibility {unknown}
 j - a potion of mutation {unknown}


   Skills:
 - Level 3.6 Fighting
 + Level 5.0 Maces & Flails
 - Level 2.4 Armour
 - Level 2.1 Dodging


You had 2 spell levels left.
You didn't know any spells.
Your spell library was empty.

Dungeon Overview and Level Annotations

Branches:
Dungeon (2/15)

Altars:


Innate Abilities, Weirdness & Mutations

You are amphibious.
You cover ground slowly.
You can hop short distances.
You have an extended range of vision and can be seen from far away.


Message History

The frilled lizard bites you but does no damage.
You closely miss the adder.
The adder is lightly wounded.
The adder closely misses you. x2; The hobgoblin barely misses you.
The frilled lizard misses you.
You miss the adder.
The adder is lightly wounded.
The adder bites you. The frilled lizard bites you.
The hobgoblin barely misses you.
You sock the adder!
The adder is almost dead.
The adder closely misses you. The hobgoblin hits you.
The frilled lizard barely misses you. The adder bites you.
You barely miss the adder.
The adder is almost dead.
The adder bites you.
You are poisoned.
The adder poisons you! The hobgoblin closely misses you.
The frilled lizard bites you. The adder bites you but does no damage.
You barely miss the adder.
The adder is almost dead.
You feel sick. The hobgoblin barely misses you.
The frilled lizard barely misses you. The adder bites you but does no damage.
The dart slug launches a dart at you. The slug dart hits you.
* * * LOW HITPOINT WARNING * * *
You closely miss the adder.
The adder is almost dead.
You feel sick. The hobgoblin barely misses you. The frilled lizard misses you.
The adder barely misses you.
The dart slug bites you but does no damage.
The hobgoblin barely misses you. The adder bites you.
* * * LOW HITPOINT WARNING * * *
The frilled lizard completely misses you.
Okay, then.
A red film seems to cover your vision as you go berserk!
You feel yourself moving faster!
You feel mighty!
* * * LOW HITPOINT WARNING * * *
You feel sick. The adder closely misses you. The hobgoblin hits you.
You die...

.## #.. ####....#
... #..## ####.#
...#...# ###...#
...#...# ##.....#
.....###......#
#....##..###)#
#..r.#...# #.#
..####.lSg#...##..#
.......w@.........#
###################


You could see an adder, a dart slug, a hobgoblin, a frilled lizard and a rat.

Vanquished Creatures
  An adder (D:2)
  A dart slug (D:2)
  4 endoplasms
  A giant cockroach (D:2)
  3 goblins (D:1)
  2 hobgoblins
  A jackal (D:2)
  6 kobolds (D:1)
  3 quokkas
  3 ball pythons
  3 bats
  5 rats
33 creatures vanquished.

Notes
Turn   | Place    | Note
-------+----------+-------------------------------------------
     0 | D:1      | BrainTurd the Barachi Berserker began the quest for the
                  | Orb.
     0 | D:1      | Reached XP level 1. HP: 18/18 MP: 1/1
   179 | D:1      | Reached XP level 2. HP: 24/24 MP: 2/2
   191 | D:1      | Reached skill level 4 in Maces & Flails
   755 | D:2      | Reached XP level 3. HP: 28/29 MP: 3/3
   771 | D:2      | Reached ** piety under Trog
   776 | D:2      | Found a faded altar of an unknown god.
   953 | D:2      | Reached skill level 5 in Maces & Flails
   961 | D:2      | Slain by a hobgoblin

Illustrated notes

Levels and vault maps discovered:
D:1:      psy_arrival_whirlpool, layout_rooms, serial_forest,
          infiniplex_forest_lined_3, infiniplex_forest_lined_room_2,
          infiniplex_forest_end_2, infiniplex_forest_straight_1,
          infiniplex_forest_lined_2, infiniplex_forest_lined_ring,
          minmay_door_square, minmay_gold_behind_fungi,
          chequers_serial_rivers_large_a, minmay_surrounded
D:2:      minmay_recursive_quarters, layout_loops_ring,
          shapermc_ecumenical_altar_starsandcircs, st_stairs_7

Skill      XL: |  1  2  3 |
---------------+----------+-----
Maces & Flails | 4 5 |  5.0
Fighting       | |  3.6
Armour         | |  2.4
Dodging        | |  2.1

Action                     || total
---------------------------++-------
  Melee: Mace              ||    21
         Flail             ||   142
         Punch             ||     2
 Invoke: Berserk           ||     1
Ability: Hop               ||     2
 Armour: Leather armour    ||    29
  Dodge: Dodged            ||   103

Table legend: (Time is in decaauts)
 A = Elapsed time spent in this place.
 B = Non-inter-level travel time spent in this place.
 C = Inter-level travel time spent in this place.
 D = Time resting spent in this place.
 E = Time spent auto-exploring this place.
 F = Levels seen in this place.
 G = Mean time per level.
                   A        B        C        D        E       F      G
               +--------+--------+--------+--------+--------+-----+--------+
         Total |   1110 |   1079 |     31 |      0 |    680 |   2 |  555.0 |
       Dungeon |   1110 |   1079 |     31 |      0 |    680 |   2 |  555.0 |
               +--------+--------+--------+--------+--------+-----+--------+

Top non-repeatable levels by time:
     D:1: 869 daAuts
     D:2: 241 daAuts
